 Dungeon Crawl Stone Soup version 0.26.0-41-g79a4fc7684 (webtiles) character file.

Game seed: 5964910478977409919

144 kaeus the Sneak (level 5, -8/34 HPs)
             Began as an Octopode Transmuter on Jan 26, 2021.
             Mangled by a goblin
             ... wielding a +0 club
             ... led by Robin
              (10 damage)
             ... on level 3 of the Dungeon.
             The game lasted 00:04:24 (3740 turns).

kaeus the Sneak (Octopode Transmuter)               Turns: 3740, Time: 00:04:25

Health: -8/34      AC:  1    Str: 10    XL:     5   Next: 26%
Magic:  8/8        EV: 14    Int: 15    God:
Gold:   151        SH:  0    Dex: 13    Spells: 7/8 levels left

rFire    . . .     SeeInvis .   b - +1 dagger (venom)
rCold    . . .     Faith    .   (no shield)
rNeg     . . .     Spirit   .   (helmet restricted)
rPois    .         Reflect  .   h - amulet of inaccuracy (curse)
rElec    .         Harm     .   (no ring)
rCorr    .         Rampage  .   (no ring)
Will     .....                  (no ring)
Stlth    ++++......             (no ring)
HPRegen  0.11/turn              (no ring)
MPRegen  0.11/turn              (no ring)
                                (no ring)
                                (no ring)

@: attractive, hasted, very quick
A: almost no armour, stealthy swim, amphibious, 8 rings, constrict 8, camouflage
1, gelatinous body 1
a: no special abilities


You were on level 3 of the Dungeon.
You visited 1 branch of the dungeon, and saw 3 of its levels.

You collected 151 gold pieces.

Inventory:

Hand Weapons
 b - a +1 dagger of venom (weapon)
Jewellery
 h - a cursed amulet of inaccuracy (around mantle)
Scrolls
 c - 2 scrolls of identify
Potions
 e - a potion of haste
 f - a potion of attraction


   Skills:
 + Level 2.0 Fighting
 + Level 2.5 Dodging
 * Level 3.6 Stealth
 - Level 3.0 Unarmed Combat
 + Level 2.4 Spellcasting
 * Level 3.3 Transmutations


You had 7 spell levels left.
You knew the following spells:

 Your Spells              Type           Power        Failure   Level
a - Beastly Appendage     Tmut           22%          5%          1

Your spell library contained the following spells:

 Spells                   Type           Power        Failure   Level
 Wereblood                Tmut           11%          9%          2
 Spider Form              Tmut/Pois      3%           32%         3
 Ice Form                 Ice/Tmut       6%           71%         4
 Blade Hands              Tmut           5%           83%         5


Dungeon Overview and Level Annotations

Branches:
Dungeon (3/15)

Altars:

Annotations:
D:3 1 runed translucent door, Robin, Sigmund


Innate Abilities, Weirdness & Mutations

You cannot wear most types of armour.
You are very stealthy in the water. (Stealth+)
You are amphibious.
You can wear up to eight rings at the same time.
You can use your tentacles to constrict eight enemies at once.
Your skin changes colour to match your surroundings (Stealth+).
Your rubbery body absorbs attacks. (AC +1, EV +1)


Message History

Robin throws the goblin at you!
* * * LOW HITPOINT WARNING * * *
The goblin is pulled toward you!
You take 3 damage, and have 1/34 hp.
You hit the goblin but do no damage.
The goblin is poisoned.
Your grab misses the goblin.
A bat comes into view.
The goblin misses you.
The goblin splashes around in the water.
The bat is pulled toward you!
As you read the scroll labelled DIOGAU TYKUDE, it crumbles to dust.
It is a scroll of enchant armour.
You aren't carrying any armour which can be enchanted further.
The goblin completely misses you. The bat is pulled toward you!
The goblin splashes around in the water. x2
The bat is pulled toward you! The goblin barely misses you.
The bat closely misses you. Robin throws the goblin at you!
The goblin hits you with a +0 club!
You die...

....
#.####≈≈≈≈########
.... #.. #≈≈≈≈≈#
....o #.##≈≈≈≈≈#
..... #..#≈≈≈≈##
...... #.≈≈≈≈≈#
......####.≈≈≈≈≈#
#......?...≈≈≈≈##
#.......†..≈≈≈g#
#..........r≈@g##
#..........gb≈g≈#
#..........gg≈≈g#
#...........o≈≈g##
..#########.g≈≈≈≈#
g #.≈g≈≈≈#
#..≈≈≈≈≈#
##.≈≈≈≈≈# #..≈≈≈≈#


You could see Robin, an orc, a quokka, 3 hobgoblins, 6 goblins and a bat.

Vanquished Creatures
  4 adders (D:2)
  4 gnolls (D:2)
  3 oozes
  2 dart slugs (D:1)
  A ball python (D:3)
  2 giant cockroaches
  6 goblins
  5 hobgoblins
  6 jackals
  4 bats (D:1)
  6 frilled lizards
  8 kobolds
  5 rats
56 creatures vanquished.

Notes
Turn   | Place    | Note
-------+----------+-------------------------------------------
     0 | D:1      | kaeus the Octopode Transmuter began the quest for the Orb.
     0 | D:1      | Reached XP level 1. HP: 13/13 MP: 3/3
   510 | D:1      | Reached skill level 1 in Stealth
   510 | D:1      | Reached XP level 2. HP: 17/18 MP: 5/5
  1108 | D:1      | Reached XP level 3. HP: 14/23 MP: 4/6
  2346 | D:2      | Reached XP level 4. HP: 25/28 MP: 7/7
  3129 | D:2      | Reached XP level 5. HP: 23/34 MP: 8/8
  3546 | D:3      | Found a runed translucent door.
  3660 | D:3      | Noticed Sigmund
  3712 | D:3      | Noticed Robin
  3735 | D:3      | HP: 1/34 [Robin/goblin (2)]
  3740 | D:3      | Mangled by a goblin

Illustrated notes

Levels and vault maps discovered:
D:1:      erik_arrival_orb_chamber, layout_loops_ring, serial_bayou_pond_e,
          minmay_misc_feat_columns, minmay_misc_feat_x, palyth_stone_intersect,
          minmay_tetromino_i2
D:2:      layout_rooms
D:3:      wander_river, layout_basic, grunt_dithmenos_smoke,
          ebering_ghost_sewer_d, serial_curves, eino_curves_02, eino_curves_01,
          hex_intersection, minmay_cupped, uniq_purgy, uniq_sigmund, uniq_robin

Skill      XL: |  1  2  3  4  5 |
---------------+----------------+-----
Stealth        | 1 2 3 |  3.6
Transmutations | 3 |  3.3
Fighting       | 2 |  2.0
Dodging        | |  2.5
Unarmed Combat | |  3.0
Spellcasting   | |  2.4

Action                   |  1- 3 |  4- 6 || total
-------------------------+-------+-------++-------
Melee: Unarmed           |    15 |       ||    15
       Constrict         |    25 |     8 ||    33
       Dagger            |    68 |    51 ||   119
       Kick              |    12 |       ||    12
       Tentacles         |     8 |     8 ||    16
       Punch             |     1 |     1 ||     2
 Cast: Beastly Appendage |    17 |       ||    17
  Use: Scroll            |       |     5 ||     5
       Potion            |       |     2 ||     2
 Stab: Sleeping          |     8 |     3 ||    11
Armor: Skin              |    13 |     5 ||    18
Dodge: Dodged            |    50 |    39 ||    89
